 Dungeon Crawl Stone Soup version 0.25-a0-634-gd1561dc703 (webtiles) character file.

Game seed: 15808335077025080633, levelgen mode: deterministic

158 DasRunzen the Poker (level 5, 0/45 HPs)
             Began as a Draconian Gladiator on Mar 20, 2020.
             Succumbed to a kobold's poison
             ... on level 3 of the Dungeon.
             The game lasted 00:03:41 (1525 turns).

DasRunzen the Poker (Draconian Gladiator)           Turns: 1525, Time: 00:03:42

Health: 0/45       AC:  5    Str: 17    XL:     5   Next: 16%
Magic:  8/8        EV: 13    Int:  9    God:
Gold:   111        SH:  0    Dex: 12    Spells: 8/8 levels left

rFire    . . .     SeeInvis .   a - +0 trident
rCold    . . .     Gourm    +   (no shield)
rNeg     . . .     Faith    .   (armour unavailable)
rPois    .         Spirit   .   b - +0 hat
rElec    .         Reflect  .   (no cloak)
rCorr    .         Harm     .   (no gloves)
MR       .....                  (no boots)
Stlth    +.........             f - amulet of the gourmand
HPRegen  0.15/turn              (no ring)
MPRegen  0.11/turn              (no ring)

@: lethally poisoned (0 -> -1)
A: unfitting armour, cold-blooded, AC +5
a: no special abilities


You were on level 3 of the Dungeon.
You were very full.

You visited 1 branch of the dungeon, and saw 3 of its levels.

You collected 111 gold pieces.

Inventory:

Hand Weapons
 a - a +0 trident (weapon)
Missiles
 c - 3 throwing nets (quivered)
Armour
 b - a +0 hat (worn)
Jewellery
 f - an amulet of the gourmand (around neck)
Wands
 h - a wand of iceblast (6)
Scrolls
 e - a scroll of identify
 i - a scroll of remove curse
Potions
 g - a potion of resistance
Comestibles
 d - 6 rations


   Skills:
 + Level 3.5 Fighting
 + Level 3.9 Polearms
 - Level 1.7 Throwing
 + Level 3.5 Dodging
 + Level 2.0 Spellcasting


You had 8 spell levels left.
You didn't know any spells.
Your spell library was empty.

Dungeon Overview and Level Annotations

Branches:
Dungeon (3/15)

Altars:
Trog


Innate Abilities, Weirdness & Mutations

Your plain brown scales are hard. (AC +5)
You cannot fit into any form of body armour.
You are cold-blooded and may be slowed by cold attacks.


Message History

You feel sick.
* * * LOW HITPOINT WARNING * * *
You feel sick.
* * * LOW HITPOINT WARNING * * *
You feel sick.
* * * LOW HITPOINT WARNING * * *
You feel sick.
You see here a kobold corpse.
* * * LOW HITPOINT WARNING * * *
You feel sick.
* * * LOW HITPOINT WARNING * * *
You feel sick.
* * * LOW HITPOINT WARNING * * *
You feel sick.
* * * LOW HITPOINT WARNING * * *
You feel sick.
You see here a kobold corpse.
* * * LOW HITPOINT WARNING * * *
You feel sick.
You die...

#.#.. .. .....# . #
......####..# .......
..#.# ....... ....
......##.###..#.........
#....<.#..##.........
#†@....###.........
##..................
.##.#.(###........<.....
.......)(##..............
#...#..#(#...##..........
##....##...#.............
#....##.....#......#....
.........(..........##...
..................#####..


There were no monsters in sight!

Vanquished Creatures
  A jelly (D:2)
  An orc wizard (D:3)
  Ijyb (D:3)
  An adder (D:2)
  3 dart slugs
  2 leopard geckos (D:3)
  6 orcs (D:3)
  3 bats
  3 giant cockroaches
  9 goblins
  8 hobgoblins
  7 kobolds
  A ball python (D:3)
  A frilled lizard (D:1)
  6 rats
53 creatures vanquished.

Notes
Turn   | Place    | Note
-------+----------+-------------------------------------------
     0 | D:1      | DasRunzen the Draconian Gladiator began the quest for the
                  | Orb.
     0 | D:1      | Reached XP level 1. HP: 17/17 MP: 1/1
    61 | D:1      | Reached XP level 2. HP: 25/25 MP: 2/2
   475 | D:2      | Reached skill level 1 in Spellcasting
   475 | D:2      | Reached XP level 3. HP: 17/30 MP: 4/4
   772 | D:2      | Found a faded altar of an unknown god.
   846 | D:2      | Reached XP level 4. HP: 31/38 MP: 4/6
  1070 | D:2      | Found a bloodstained altar of Trog.
  1234 | D:3      | Noticed Ijyb
  1251 | D:3      | Killed Ijyb
  1286 | D:3      | Reached XP level 5. HP: 24/45 MP: 7/7
  1515 | D:3      | HP: 2/45 [poisoned by a kobold]
  1521 | D:3      | HP: 1/45 [poisoned by a kobold]
  1525 | D:3      | Succumbed to a kobold's poison

Levels and vault maps discovered:
D:1:      shiori_shiawase, layout_rooms
D:2:      layout_loops_ring, chequers_ecumenical_altar_simple_redux, trog_book
D:3:      layout_rooms, uniq_ijyb

Skill      XL: |  1  2  3  4  5 |
---------------+----------------+-----
Dodging        | 3 |  3.5
Spellcasting   | 1 2 |  2.0
Fighting       | 3 |  3.5
Polearms       | |  3.9
Throwing       | |  1.7

Action                   |  1- 3 |  4- 6 || total
-------------------------+-------+-------++-------
Melee: Trident           |    51 |    98 ||   149
       Tailslap          |     5 |    14 ||    19
  Use: Scroll            |     5 |     1 ||     6
 Stab: Sleeping          |     3 |     1 ||     4
  Eat: Chunk             |       |    13 ||    13
Armor: Skin              |    10 |    12 ||    22
Dodge: Dodged            |    22 |    58 ||    80

Table legend:
 A = Non-vault XP
 B = Vault XP
 C = Vault XP percentage of total XP
 D = Non-vault monster count
 E = Vault monster count
 F = Vault count percentage of total count
                 A         B        C        D         E       F
            +---------+---------+-------+---------+---------+-------
      Total |     191 |      35 |  15.5 |      52 |       1 |   1.9
            +---------+---------+-------+---------+---------+-------
        D:1 |      36 |       0 |   0.0 |      19 |       0 |   0.0
        D:2 |      76 |       0 |   0.0 |      12 |       0 |   0.0
        D:3 |      79 |      35 |  30.7 |      21 |       1 |   4.5
            +---------+---------+-------+---------+---------+-------
